[Event "Titled Tuesday Blitz August 16 Early 2022"]
[White "Ramirez Vido, Robert Yorisan"]
[Black "Goltseva, Ekaterina"]
[WhiteFideId "3513823"]
[BlackFideId "24173770"]
[WhiteElo "2090"]
[BlackElo "2086"]
[Result "1/2-1/2"]
[Round "11"]
[TimeControl "180+2"]
[Date "2022.08.18"]
[WhiteClock "0:00:00"]
[BlackClock "0:00:00"]

1. f4 d5 2. Nf3 Nf6 3. e3 c5 4. Be2 g6 5. O-O Bg7 6. d3 O-O 7. Nc3 b6 8. Qe1 Bb7 9. Qh4 Nbd7 10. Kh1 Qc7 11. Bd2 Rae8 12. Be1 Qc6 13. d4 Ne4 14. Nxe4 dxe4 15. Ne5 Nxe5 16. dxe5 f6 17. Bc4+ e6 18. Bc3 fxe5 19. Bxe5 b5 20. Bxg7 Kxg7 21. Be2 c4 22. Rad1 Rf7 23. Rd4 Qc5 24. Rfd1 Bd5 25. Qg5 Qc7 26. c3 Rf5 27. Qg3 g5 28. Qg4 h6 29. h4 Rh8 30. Kg1 Qe7 31. fxg5 hxg5 32. h5 Kh6 33. Qg3 Rhf8 34. Rf1 Rxf1+ 35. Bxf1 Qf6 36. Be2 Qf7 37. Rd1 Qe7 38. Qe5 Qg7 39. Qd6 Rf7 40. Rf1 Rxf1+ 41. Kxf1 g4 42. Qf4+ Qg5 43. Qxg4 Qxg4 44. Bxg4 Kg5 45. Be2 e5 46. Kf2 a5 47. Kg3 b4 48. a3 bxc3 49. bxc3 Be6 50. Kf2 Bd5 51. Bd1 Be6 52. Kg3 Bf7 53. Kf2 Be6 54. Bc2 Bd5 55. Bd1 Be6 1/2-1/2


[Site "https://www.chess.com"]

[Event "Titled Tuesday Blitz August 16 Early 2022"]
[White "Rios Escobar, Adan"]
[Black "Alexikov, Alexander"]
[WhiteFideId "3403645"]
[BlackFideId "14103958"]
[WhiteElo "2276"]
[BlackElo "2253"]
[Result "1/2-1/2"]
[Round "11"]
[TimeControl "180+2"]
[Date "2022.08.18"]
[WhiteClock "0:00:00"]
[BlackClock "0:00:00"]

1. d4 Nf6 2. g3 g6 3. Bg2 Bg7 4. e4 d6 5. Ne2 O-O 6. O-O c6 7. a4 a5 8. Nbc3 Na6 9. h3 e5 10. Be3 Qc7 11. Qd2 Re8 12. f4 Bd7 13. Rad1 Nb4 14. g4 Bxg4 15. hxg4 Nxg4 16. fxe5 Nxe3 17. Qxe3 dxe5 18. Rd2 exd4 19. Nxd4 Rad8 20. Nce2 Qb6 21. c3 Nd5 22. Qf3 Nf6 23. Ng3 c5 24. e5 Rxe5 25. Nc6 bxc6 26. Rxd8+ Qxd8 27. Qxc6 h5 28. Bf3 h4 29. Rd1 Qe7 30. Nf1 Bh6 31. Qa8+ Kg7 32. Qxa5 Rf5 33. Bg2 Be3+ 34. Kh1 Bf4 35. Qd8 Qe2 36. Qd3 Qxb2 37. Ne3 Bxe3 38. Qxe3 Qc2 39. Qd3 Qxd3 40. Rxd3 Rf2 41. a5 Ra2 42. Bb7 Rxa5 43. c4 Ra4 44. Bd5 Nxd5 45. cxd5 Kf8 46. d6 Ke8 47. Rd5 Kd7 48. Rxc5 Kxd6 49. Rb5 Ke6 50. Rb6+ Kf5 51. Rb7 f6 52. Rb5+ Kg4 53. Rb7 Kg5 54. Rb3 f5 55. Rb7 Ra2 56. Rb8 Kh5 57. Rh8+ Kg4 58. Rb8 g5 59. Rb3 f4 60. Rc3 f3 61. Rc5 Kf4 62. Rc4+ Kg3 63. Rc1 Rh2+ 64. Kg1 f2+ 65. Kf1 Rh1+ 66. Ke2 Rxc1 67. Kd2 f1=Q 68. Ke3 1/2-1/2


[Site "https://www.chess.com"]

[Event "Titled Tuesday Blitz August 16 Early 2022"]
[White "Samunenkov, Ihor"]
[Black "Yurovskykh, Oleksandr"]
[WhiteFideId "14187086"]
[BlackFideId "14134020"]
[WhiteElo "2441"]
[BlackElo "2292"]
[Result "0-1"]
[Round "11"]
[TimeControl "180+1"]
[Date "2022.08.16"]
[WhiteClock "0:00:01"]
[BlackClock "0:00:20"]

1. d4 d5 2. c4 dxc4 3. e3 Nf6 4. Bxc4 e6 5. Nf3 c5 6. O-O Nc6 7. Nc3 cxd4 8. exd4 Be7 9. d5 exd5 10. Nxd5 Nxd5 11. Bxd5 O-O 12. Bf4 Bf6 13. Bd6 Re8 14. Bxc6 bxc6 15. Be5 Qxd1 16. Rfxd1 Bg4 17. Bxf6 Bxf3 18. gxf3 gxf6 19. Rd7 Re2 20. b3 a5 21. Rc7 Rd8 22. Rxc6 Rdd2 23. Rxf6 Rxf2 24. Rc1 Rg2+ 25. Kh1 Rxh2+ 26. Kg1 Rdg2+ 27. Kf1 Rxa2 28. Kg1 Rhb2 29. Rb6 a4 30. Rb8+ Kg7 31. Kh1 Rh2+ 32. Kg1 Rag2+ 33. Kf1 a3 34. Rcc8 Rb2 0-1


[Site "https://www.chess.com"]

[Event "Titled Tuesday Blitz August 16 Early 2022"]
[White "Sanchez Alvares, Kelvin Antonio"]
[Black "Ferriz Barrios, Andres"]
[WhiteFideId "3906680"]
[BlackFideId "5104467"]
[WhiteElo "2189"]
[BlackElo "2102"]
[Result "1-0"]
[Round "11"]
[TimeControl "180+2"]
[Date "2022.08.18"]
[WhiteClock "0:00:00"]
[BlackClock "0:00:00"]

1. e4 e6 2. d4 d5 3. Nd2 dxe4 4. Nxe4 Nd7 5. Nf3 Ngf6 6. Bg5 Be7 7. Bxf6 Nxf6 8. Bd3 b6 9. Qe2 Bb7 10. O-O-O Nd5 11. g3 Nb4 12. Bc4 a6 13. a3 b5 14. Bb3 Nd5 15. Ne5 O-O 16. h4 Rb8 17. Nc5 Bxc5 18. dxc5 Qe7 19. c6 Ba8 20. Nd7 Qd6 21. Nxb8 Rxb8 22. Rhe1 Bxc6 23. Qe5 Qxe5 24. Rxe5 a5 25. Rd4 Kf8 26. Rh5 h6 27. Re5 Rb6 28. a4 b4 29. Bc4 Nf6 30. Rxa5 Bb7 31. Rb5 Bc6 32. Rxb6 cxb6 33. Bb3 b5 34. a5 Nd5 35. Bxd5 Bxd5 36. Rxb4 Bc6 37. a6 Ke7 38. a7 Kd7 39. Rxb5 1-0


[Site "https://www.chess.com"]

[Event "Titled Tuesday Blitz August 16 Early 2022"]
[White "Santos Ruiz, Miguel"]
[Black "Pinheiro, Iung Alicio de O."]
[WhiteFideId "22291482"]
[BlackFideId "2104350"]
[WhiteElo "2478"]
[BlackElo "2283"]
[Result "0-1"]
[Round "11"]
[TimeControl "180+1"]
[Date "2022.08.16"]
[WhiteClock "0:00:43"]
[BlackClock "0:00:29"]

1. e3 d5 2. b3 c6 3. Bb2 Bf5 4. Nf3 e6 5. Rg1 Nf6 6. Ne5 h6 7. g4 Bh7 8. h4 Nfd7 9. Nf3 c5 10. d3 Nc6 11. Nbd2 Qb6 12. a3 Rg8 13. Qe2 Be7 14. e4 O-O-O 15. Bg2 Bf6 16. e5 Be7 17. h5 Rge8 18. Kf1 f6 19. exf6 Bxf6 20. Bxf6 Nxf6 21. Re1 e5 22. g5 hxg5 23. Bh3+ Kb8 24. Rxg5 e4 25. dxe4 Bxe4 26. Nxe4 Nxe4 27. Rxg7 Rf8 28. Qe3 Rxf3 29. Qxf3 Nd2+ 30. Kg2 Nxf3 31. Kxf3 Nd4+ 32. Kg2 Qf6 33. Ree7 Qf3+ 34. Kh2 Qxf2+ 35. Kh1 Qf3+ 36. Kh2 Qf4+ 37. Kh1 Qc1+ 38. Kh2 Qxc2+ 39. Bg2 Qxb3 40. h6 Nf5 41. h7 Nxg7 42. Rxg7 Qd3 0-1


[Site "https://www.chess.com"]

[Event "Titled Tuesday Blitz August 16 Early 2022"]
[White "Sarana, Alexey"]
[Black "Lagno, Kateryna"]
[WhiteFideId "24133795"]
[BlackFideId "14109336"]
[WhiteElo "2666"]
[BlackElo "2522"]
[Result "1-0"]
[Round "11"]
[TimeControl "180+1"]
[Date "2022.08.16"]
[WhiteClock "0:00:05"]
[BlackClock "0:00:03"]

1. d4 Nf6 2. c4 g6 3. Nc3 d5 4. cxd5 Nxd5 5. e4 Nxc3 6. bxc3 Bg7 7. Bc4 c5 8. Ne2 Nc6 9. Be3 O-O 10. Rc1 Bg4 11. f3 Bd7 12. h4 Na5 13. Bd3 cxd4 14. cxd4 e5 15. d5 f5 16. h5 fxe4 17. Bxe4 Bf5 18. hxg6 hxg6 19. d6 Bxe4 20. fxe4 Nc6 21. Qd5+ Rf7 22. Ng1 Qa5+ 23. Qxa5 Nxa5 24. Nf3 b6 25. Ke2 Rd7 26. Rhd1 Rad8 27. Rc7 Bf6 28. Rd5 Rxd6 29. Rxd6 Rxd6 30. Rxa7 Nc4 31. Bc1 b5 32. g4 Bd8 33. Ra8 Kf7 34. Bh6 Be7 35. Ra7 Ke6 36. Bf8 Rd7 37. Ra6+ Kf7 38. Bxe7 Kxe7 39. Nh4 Rd4 40. Nxg6+ Kf7 41. Kf3 Rd3+ 42. Kf2 Rd4 43. g5 Rxe4 44. Rf6+ Kg7 45. Kg3 Re3+ 46. Kg4 Re4+ 47. Kh5 Re1 48. Nh4 e4 49. Nf5+ Kg8 50. g6 Ne5 51. g7 Rh1+ 52. Kg5 Rg1+ 53. Kf4 Ng6+ 54. Kxe4 Re1+ 55. Kd4 Ne7 56. Rf8+ Kh7 57. Rh8+ Kg6 58. Rf8 Kh7 59. Kc5 Re5+ 60. Kb4 Rxf5 61. g8=Q+ Nxg8 62. Rxf5 Ne7 63. Rxb5 Kg7 64. Rb7 Kf7 65. Kc5 Ke8 66. a4 1-0


[Site "https://www.chess.com"]

[Event "Titled Tuesday Blitz August 16 Early 2022"]
[White "Schut, Han"]
[Black "Martinez, Shawn"]
[WhiteFideId "1005561"]
[BlackFideId "2039770"]
[WhiteElo "2024"]
[BlackElo "2174"]
[Result "1-0"]
[Round "11"]
[TimeControl "180+2"]
[Date "2022.08.18"]
[WhiteClock "0:00:00"]
[BlackClock "0:00:00"]

1. e4 c5 2. Nf3 e6 3. c4 a6 4. Nc3 Qc7 5. Be2 b6 6. d4 cxd4 7. Nxd4 Bb7 8. Be3 Nf6 9. f3 Nc6 10. Rc1 Bb4 11. O-O h5 12. Nd5 exd5 13. cxd5 Bd6 14. h3 h4 15. Nf5 Bh2+ 16. Kh1 g6 17. dxc6 Bxc6 18. Bd4 Nh5 19. Ng7+ Nxg7 20. Bxg7 Rg8 21. Qd4 Bd6 22. Bf6 g5 23. e5 Bc5 24. Qd2 Rg6 25. Bd3 Rg8 26. Be4 Qb7 27. Bxc6 dxc6 28. b4 Be7 29. Rc2 Rg6 30. Rfc1 1-0


[Site "https://www.chess.com"]

[Event "Titled Tuesday Blitz August 16 Early 2022"]
[White "Sharapov, Evgeny"]
[Black "Kostiukov, Alexandr"]
[WhiteFideId "14103133"]
[BlackFideId "14108100"]
[WhiteElo "2367"]
[BlackElo "2202"]
[Result "1-0"]
[Round "11"]
[TimeControl "180+2"]
[Date "2022.08.18"]
[WhiteClock "0:00:00"]
[BlackClock "0:00:00"]

1. e4 c5 2. Nf3 g6 3. d4 cxd4 4. Nxd4 Bg7 5. c4 Nc6 6. Be3 Nf6 7. Nc3 O-O 8. Be2 Nxd4 9. Bxd4 Qa5 10. O-O d6 11. f3 Be6 12. Nd5 Bxd5 13. cxd5 Nd7 14. Bxg7 Kxg7 15. Qd4+ Kg8 16. Rfc1 Rfc8 17. a3 Qb6 18. Qxb6 Nxb6 19. b3 Kf8 20. Kf2 e6 21. dxe6 fxe6 22. Ke3 Ke7 23. f4 Nd7 24. b4 Nb6 25. Kd4 Rxc1 26. Rxc1 Rc8 27. Rxc8 Nxc8 28. h4 Nb6 29. g4 Nd7 30. g5 Nb8 31. Bb5 Nc6+ 32. Kd3 Kd7 33. Ba4 Ke7 34. Bd1 a5 35. bxa5 Nxa5 36. h5 Nc6 37. h6 d5 38. exd5 exd5 39. Bg4 Kd6 40. Bc8 b6 41. f5 Ne7 42. fxg6 Nxg6 43. Bf5 Nf8 44. Kd4 b5 45. Bxh7 Ne6+ 46. Ke3 Nxg5 47. Bd3 Nf7 48. h7 Kc5 49. Kf4 b4 50. axb4+ Kxb4 51. Kf5 Kc3 52. Kf6 1-0


[Site "https://www.chess.com"]

[Event "Titled Tuesday Blitz August 16 Early 2022"]
[White "Shuvalova, Polina"]
[Black "Vakhlamov, Igor L."]
[WhiteFideId "24171760"]
[BlackFideId "24126748"]
[WhiteElo "2330"]
[BlackElo "2401"]
[Result "1-0"]
[Round "11"]
[TimeControl "180+1"]
[Date "2022.08.16"]
[WhiteClock "0:00:10"]
[BlackClock "0:00:06"]

1. e4 c5 2. Nf3 Nc6 3. Bb5 g6 4. Bxc6 bxc6 5. O-O Bg7 6. Re1 Qc7 7. d3 e5 8. c3 Nf6 9. d4 cxd4 10. cxd4 exd4 11. Nxd4 O-O 12. Nc3 Re8 13. h3 Bb7 14. Qd3 d5 15. Be3 Nxe4 16. Nxe4 Rxe4 17. Rac1 Rae8 18. Nb5 Qe7 19. Nc3 Re6 20. Ne2 Bxb2 21. Rb1 Be5 22. Rec1 Ba8 23. Nd4 Rd6 24. Nf3 Bg7 25. Bc5 Qd7 26. Bxd6 Qxd6 27. Qa6 Qc7 28. Re1 Rd8 29. Qa4 c5 30. Re8+ Bf8 31. Rxd8 Qxd8 32. Qxa7 Bc6 33. Ne5 Qd6 34. Qxf7+ Kh8 35. Nxc6 Qxc6 36. Rb7 Qxb7 37. Qxf8# 1-0


[Site "https://www.chess.com"]

[Event "Titled Tuesday Blitz August 16 Early 2022"]
[White "Simonovic, Miroslav"]
[Black "Ansh M Shah"]
[WhiteFideId "919152"]
[BlackFideId "25033379"]
[WhiteElo "2043"]
[BlackElo "1819"]
[Result "1-0"]
[Round "11"]
[TimeControl "180+2"]
[Date "2022.08.18"]
[WhiteClock "0:00:00"]
[BlackClock "0:00:00"]

1. d4 Nf6 2. Bg5 e6 3. e4 d5 4. e5 h6 5. Bxf6 gxf6 6. Nf3 c5 7. c3 Nc6 8. Bb5 cxd4 9. cxd4 Bd7 10. Nc3 fxe5 11. Bxc6 bxc6 12. Nxe5 Bg7 13. Qh5 O-O 14. Nxd7 Qxd7 15. O-O Rab8 16. b3 Rb4 17. Rad1 a5 18. Na4 Qe7 19. Rd3 Qf6 20. Rfd1 Kh7 21. Nc5 Rg8 22. g3 Bf8 23. Nd7 Qg6 24. Qf3 Bd6 25. Nf6+ Kg7 26. Nxg8 Kxg8 27. Rc1 a4 28. Rxc6 Bf8 29. Rc8 axb3 30. axb3 Kg7 31. Qf4 Be7 32. Qd2 Rb7 33. Kg2 Bb4 34. Qe2 Be7 35. h3 Bf6 36. Qg4 Bg5 37. h4 Qxd3 38. hxg5 hxg5 39. Qxg5+ Qg6 40. Qxg6+ Kxg6 41. Rc3 Kf5 42. Kf3 Rb4 43. Ke3 Kg4 44. Rd3 f6 45. Kd2 Kf5 46. Kc3 Rb6 47. Rf3+ Ke4 48. Rf4# 1-0


[Site "https://www.chess.com"]

[Event "Titled Tuesday Blitz August 16 Early 2022"]
[White "Skawinski, Arkadiusz"]
[Black "Senthil Maran K"]
[WhiteFideId "1126415"]
[BlackFideId "25035681"]
[WhiteElo "2149"]
[BlackElo "2124"]
[Result "1-0"]
[Round "11"]
[TimeControl "180+1"]
[Date "2022.08.16"]
[WhiteClock "0:00:15"]
[BlackClock "0:00:05"]

1. e4 c5 2. Nf3 g6 3. d4 cxd4 4. Qxd4 Nf6 5. Nc3 Nc6 6. Qa4 d6 7. e5 dxe5 8. Nxe5 Bd7 9. Nxd7 Nxd7 10. Be3 Bg7 11. g3 O-O 12. Bg2 Nb6 13. Qh4 e5 14. Qxd8 Rfxd8 15. O-O Nc4 16. Bc1 Nd4 17. Bxb7 Rab8 18. Bd5 Nxb2 19. Bb3 Nf3+ 20. Kg2 Nd2 21. Bxb2 Nxf1 22. Kxf1 Rbc8 23. Ne4 Rd7 24. Ng5 h6 25. Nxf7 Rxf7 26. Rd1 Rc7 27. Bxf7+ Kxf7 28. Rd2 Ke6 29. Ke2 Bf6 30. Ba3 Rc6 31. h4 g5 32. h5 g4 33. Kd1 e4 34. Re2 Kf5 35. Bc1 Bc3 36. Re3 Bd4 37. Re2 Bc3 38. Bd2 Bd4 39. Kc1 Ra6 40. c3 Bc5 41. Be3 Ba3+ 42. Kc2 Bf8 43. Kb3 Bg7 44. Rc2 Ra5 45. Kb4 Ra6 46. a4 Rc6 47. Kb5 Rc7 48. c4 Bf8 49. c5 Ke6 50. c6 Kd5 51. Rd2+ Ke6 52. Rd4 Ke5 53. Rd7 Rc8 54. Rf7 Bd6 55. Rxa7 Kd5 56. Rd7 Rb8+ 57. Bb6 Ke6 58. a5 Rc8 59. a6 Ra8 60. a7 Be5 61. Rd8 Bb8 62. Rxb8 Rxa7 63. Bxa7 e3 64. Bxe3 Kd5 65. Rd8+ Ke4 66. c7 Kf3 67. c8=Q Kg2 68. Qc6+ Kh3 69. Rd1 Kh2 70. Qh1# 1-0


[Site "https://www.chess.com"]

[Event "Titled Tuesday Blitz August 16 Early 2022"]
[White "Skliarov, Viktor"]
[Black "Aradhya, Garg"]
[WhiteFideId "14106736"]
[BlackFideId "25006746"]
[WhiteElo "2257"]
[BlackElo "2203"]
[Result "0-1"]
[Round "11"]
[TimeControl "180+1"]
[Date "2022.08.16"]
[WhiteClock "0:00:02"]
[BlackClock "0:00:05"]

1. e4 e5 2. Nc3 Nc6 3. Bc4 Nf6 4. d3 Na5 5. Nge2 Be7 6. Ng3 O-O 7. O-O c6 8. Bb3 d5 9. Bg5 Nxb3 10. axb3 h6 11. Bxf6 Bxf6 12. Qf3 Be6 13. Nf5 Kh7 14. Ne2 dxe4 15. dxe4 Qd2 16. Ne3 Qb4 17. Rfd1 Bg5 18. g3 Qc5 19. Nc3 Bxe3 20. Qxe3 Qxe3 21. fxe3 Kg6 22. Na4 b6 23. Rd6 Rfc8 24. Rad1 Kf6 25. Kf2 Ke7 26. Nc3 b5 27. R6d2 a5 28. Ra1 Ra7 29. Ne2 Rca8 30. Nc1 a4 31. b4 Bc4 32. Ra3 g6 33. Ke1 f5 34. exf5 gxf5 35. Nd3 Ke6 36. Nc5+ Ke7 37. Kf2 Rd8 38. Rxd8 Kxd8 39. Ra1 Kc8 40. Ke1 Rf7 41. Rd1 Bd5 42. Kf2 Kc7 43. Rd3 f4 44. exf4 exf4 45. gxf4 Rxf4+ 46. Ke3 Rc4 47. c3 Rh4 0-1


[Site "https://www.chess.com"]

[Event "Titled Tuesday Blitz August 16 Early 2022"]
[White "Sovetbekova, Nurai"]
[Black "Balabayeva, Xeniya"]
[WhiteFideId "13801910"]
[BlackFideId "13719688"]
[WhiteElo "1646"]
[BlackElo "1895"]
[Result "1-0"]
[Round "11"]
[TimeControl "180+2"]
[Date "2022.08.18"]
[WhiteClock "0:00:00"]
[BlackClock "0:00:00"]

1. d4 d5 2. c4 e6 3. Nf3 Nf6 4. g3 Be7 5. Bg2 O-O 6. O-O c6 7. Nc3 b6 8. Qd3 Ba6 9. b3 b5 10. cxb5 cxb5 11. Qd1 b4 12. Na4 Nc6 13. Bb2 Bb5 14. Nc5 Qb6 15. Rc1 Rfc8 16. Qd2 a5 17. Rc2 Rd8 18. Rfc1 Rac8 19. Ne5 Nxe5 20. dxe5 Bxc5 21. exf6 Bxf2+ 22. Kh1 Be3 23. Qd1 Rxc2 24. Rxc2 d4 25. fxg7 a4 26. Qf1 f5 27. Bc1 Bxc1 28. Rxc1 axb3 29. axb3 Qa6 30. Qf4 Qd6 31. Qg5 Bxe2 32. Rc6 Qd7 33. Rxe6 d3 34. Re7 d2 35. Rxd7 Rxd7 36. h4 d1=Q+ 37. Kh2 Qd5 38. Bxd5+ Rxd5 39. Qf6 1-0


[Site "https://www.chess.com"]

[Event "Titled Tuesday Blitz August 16 Early 2022"]
[White "Tanenbaum, Zachary"]
[Black "Tica, Sven"]
[WhiteFideId "2060850"]
[BlackFideId "14526948"]
[WhiteElo "2175"]
[BlackElo "2350"]
[Result "1-0"]
[Round "11"]
[TimeControl "180+1"]
[Date "2022.08.16"]
[WhiteClock "0:00:17"]
[BlackClock "0:00:51"]

1. e4 g6 2. d4 Bg7 3. Nc3 a6 4. Nf3 b5 5. Bd3 Bb7 6. Bg5 d6 7. Qe2 h6 8. Bh4 g5 9. Bg3 e6 10. O-O-O Nd7 11. e5 d5 12. h4 g4 13. Nd2 h5 14. f3 Nh6 15. Bf4 c5 16. dxc5 Nxc5 17. Nb3 Nxb3+ 18. cxb3 Qb6 19. Kb1 O-O-O 20. Bg5 Rd7 21. Bxh6 Bxh6 22. fxg4 hxg4 23. Qxg4 Rdd8 24. Qf3 Qc7 25. Rhe1 Bg7 26. Nxb5 axb5 27. Rc1 Bc6 28. Bxb5 Bxb5 29. Rxc7+ Kxc7 30. Qxf7+ Rd7 31. Rc1+ Kb7 32. Qxe6 Rxh4 33. a4 Rh6 34. Qe8 Rh8 35. Qg6 Rh6 36. Qc2 Rc6 37. Qf5 Rxc1+ 38. Kxc1 Re7 39. axb5 Bxe5 40. g4 d4 41. Qe4+ Kb8 42. g5 Rc7+ 43. Kd1 Bg7 44. b6 Rc8 45. Qe7 1-0


[Site "https://www.chess.com"]

[Event "Titled Tuesday Blitz August 16 Early 2022"]
[White "Timofeev, Artyom"]
[Black "Fawzy, Adham"]
[WhiteFideId "4140419"]
[BlackFideId "10613129"]
[WhiteElo "2578"]
[BlackElo "2541"]
[Result "1-0"]
[Round "11"]
[TimeControl "180+1"]
[Date "2022.08.16"]
[WhiteClock "0:00:05"]
[BlackClock "0:00:02"]

1. e4 c5 2. Nc3 Nc6 3. Bb5 Nd4 4. Nf3 a6 5. Bd3 g6 6. O-O Bg7 7. Nxd4 cxd4 8. Ne2 d5 9. c3 dxe4 10. Bxe4 Nf6 11. Bd3 O-O 12. cxd4 Nd5 13. b3 Nb4 14. Be4 Bxd4 15. Rb1 Bg7 16. d4 Nd5 17. Ba3 Be6 18. Rc1 Rc8 19. Rxc8 Qxc8 20. Bxd5 Bxd5 21. Bxe7 Re8 22. Bc5 b6 23. Bxb6 Qb7 24. Nf4 Bxg2 25. Re1 Rxe1+ 26. Qxe1 Qxb6 27. Kxg2 Qxd4 28. Qe3 Qd6 29. Qe4 h5 30. Nd3 Bd4 31. b4 Kg7 32. a4 Qf6 33. b5 axb5 34. axb5 h4 35. h3 Qg5+ 36. Kf1 Qf6 37. Qf4 Qd8 38. Ne5 Qd5 39. Nd3 Bf6 40. Ke2 Qxb5 41. Qe4 Qh5+ 42. Qf3 Qb5 43. Qe4 Qa6 44. Kf3 Qc8 45. Kg2 Qc3 46. Qf3 Qd4 47. Nf4 Be5 48. Ne2 Qd7 49. Qe4 Qe6 50. Ng1 1-0


[Site "https://www.chess.com"]

[Event "Titled Tuesday Blitz August 16 Early 2022"]
[White "Veiga, Jose Francisco R P Neves"]
[Black "Averjanov, Alexey"]
[WhiteFideId "1930087"]
[BlackFideId "14109867"]
[WhiteElo "2273"]
[BlackElo "2399"]
[Result "1/2-1/2"]
[Round "11"]
[TimeControl "180+2"]
[Date "2022.08.18"]
[WhiteClock "0:00:00"]
[BlackClock "0:00:00"]

1. e4 c6 2. Nc3 d5 3. Nf3 Bg4 4. h3 Bxf3 5. Qxf3 e6 6. d4 dxe4 7. Nxe4 Nd7 8. Be2 Ngf6 9. O-O Nxe4 10. Qxe4 Nf6 11. Qe3 Be7 12. c4 O-O 13. b3 Qa5 14. Bd2 Bb4 15. Rfd1 Bxd2 16. Qxd2 Qxd2 17. Rxd2 Rfd8 18. Rad1 Rd7 19. f4 Rad8 20. Kf2 h5 21. Ke3 g6 22. g4 hxg4 23. hxg4 Kf8 24. g5 Ng8 25. Bf3 Ne7 26. Be4 Nf5+ 27. Bxf5 gxf5 28. Rh1 Ke7 29. Rh7 c5 30. d5 exd5 31. cxd5 Kd6 32. Rh6+ Ke7 33. Rh7 Kd6 34. Rh6+ Ke7 35. Rh7 1/2-1/2


[Site "https://www.chess.com"]

[Event "Titled Tuesday Blitz August 16 Early 2022"]
[White "Voege, Tobias"]
[Black "Vrbljanac, Aleksandar"]
[WhiteFideId "1270513"]
[BlackFideId "932817"]
[WhiteElo "2360"]
[BlackElo "2309"]
[Result "0-1"]
[Round "11"]
[TimeControl "180+1"]
[Date "2022.08.16"]
[WhiteClock "0:00:02"]
[BlackClock "0:00:09"]

1. e4 e5 2. Nf3 Nc6 3. d4 exd4 4. Nxd4 Nf6 5. Nc3 Bb4 6. Nxc6 bxc6 7. Bd3 O-O 8. O-O d5 9. exd5 cxd5 10. Bg5 c6 11. Qf3 h6 12. Bxf6 Qxf6 13. Qxf6 gxf6 14. Ne2 Bc5 15. Ng3 Rb8 16. Rab1 Re8 17. Nh5 Re6 18. b4 Rxb4 19. Rxb4 Bxb4 20. Bf5 Re8 21. Nxf6+ Kf8 22. Nxe8 Bxf5 23. Nc7 Bxc2 24. Rc1 Ba4 25. Na6 Bd2 26. Rb1 d4 27. Rb7 Bc3 28. Nc5 Bc2 29. Rd7 Ke8 30. Rd6 Ke7 31. Rxc6 Bb1 32. a4 Bb4 33. Nb3 d3 34. Rc4 a5 35. Rd4 Bc2 36. Kf1 Bxb3 37. f3 Bxa4 38. Kf2 d2 39. Ke3 d1=Q 40. Rxd1 Bxd1 0-1


[Site "https://www.chess.com"]

[Event "Titled Tuesday Blitz August 16 Early 2022"]
[White "Vovk, Orest"]
[Black "Begunov, Konstantin"]
[WhiteFideId "14113490"]
[BlackFideId "4118510"]
[WhiteElo "2203"]
[BlackElo "2262"]
[Result "1-0"]
[Round "11"]
[TimeControl "180+1"]
[Date "2022.08.16"]
[WhiteClock "0:00:22"]
[BlackClock "0:00:03"]

1. h4 d5 2. h5 c5 3. e4 dxe4 4. Nc3 Nf6 5. Rh4 Bf5 6. g4 Bc8 7. g5 Nd5 8. Nxe4 e5 9. Bb5+ Nc6 10. Bxc6+ bxc6 11. d3 Be7 12. Nf3 h6 13. gxh6 Bxh4 14. hxg7 Rg8 15. h6 Bf5 16. Nxh4 Bxe4 17. dxe4 Qxh4 18. exd5 O-O-O 19. Qf3 Rxd5 20. Bd2 e4 21. Qxf7 Rxd2 22. Qxg8+ Rd8 23. Qxd8+ Qxd8 24. h7 Kb7 25. g8=Q 1-0


[Site "https://www.chess.com"]

[Event "Titled Tuesday Blitz August 16 Early 2022"]
[White "Vysochin, Spartak"]
[Black "Shapiro, Daniel"]
[WhiteFideId "14103516"]
[BlackFideId "2001780"]
[WhiteElo "2355"]
[BlackElo "2284"]
[Result "0-1"]
[Round "11"]
[TimeControl "180+2"]
[Date "2022.08.18"]
[WhiteClock "0:00:00"]
[BlackClock "0:00:00"]

1. d4 Nf6 2. Nf3 b6 3. c4 e6 4. Bf4 Bb7 5. e3 d6 6. Be2 Nbd7 7. Nc3 g6 8. O-O Bg7 9. h3 O-O 10. Rc1 Qe7 11. a3 e5 12. dxe5 dxe5 13. Bh2 Ne4 14. Nxe4 Bxe4 15. Bd3 Bxd3 16. Qxd3 e4 17. Qd5 exf3 18. Qxf3 Bxb2 19. Rcd1 Bxa3 20. Qc6 Bd6 21. Bxd6 cxd6 22. Rxd6 Ne5 23. Qd5 Nxc4 24. Rd7 Qe6 25. Qd3 Ne5 26. Qd5 Nxd7 27. Qd3 Nc5 28. Qd4 Rad8 29. Qf4 Rd7 30. Rc1 f5 31. Qg5 Kg7 32. h4 h6 33. Qg3 Qd6 34. Qf3 Qd5 35. Qg3 Ne4 36. Qf4 Rff7 37. f3 g5 38. hxg5 hxg5 39. Qh2 Qd2 40. Rb1 Qxe3+ 41. Kh1 Nf2+ 42. Kg1 Ng4+ 43. Kh1 Nxh2 44. Kxh2 Kg6 45. Kg3 Qf4+ 46. Kf2 Rd2+ 0-1


[Site "https://www.chess.com"]

[Event "Titled Tuesday Blitz August 16 Early 2022"]
[White "Wagner, Dennis"]
[Black "Demidov, Mikhail"]
[WhiteFideId "24650684"]
[BlackFideId "4197143"]
[WhiteElo "2355"]
[BlackElo "2525"]
[Result "1-0"]
[Round "11"]
[TimeControl "180+1"]
[Date "2022.08.16"]
[WhiteClock "0:00:07"]
[BlackClock "0:00:16"]

1. Nf3 g6 2. g3 Bg7 3. Bg2 d6 4. d4 Nd7 5. O-O e5 6. dxe5 dxe5 7. Qd3 Ngf6 8. Qa3 Qe7 9. b3 e4 10. Qxe7+ Kxe7 11. Ba3+ c5 12. Nfd2 Nd5 13. Nxe4 Bxa1 14. Nxc5 Nxc5 15. Bxd5 Rd8 16. Bxc5+ Ke8 17. c4 a6 18. Nd2 Bg7 19. Ne4 Bh3 20. Bxb7 Bxf1 21. Bc6+ Rd7 22. Kxf1 Rd8 23. Nd6+ Ke7 24. Nb7+ Ke6 25. Nxd8+ Rxd8 26. Bd5+ Kf6 27. Bd4+ 1-0


[Site "https://www.chess.com"]

[Event "Titled Tuesday Blitz August 16 Early 2022"]
[White "Wan, Joseph"]
[Black "Quispe Santacruz, Javier"]
[WhiteFideId "2069890"]
[BlackFideId "3800920"]
[WhiteElo "2198"]
[BlackElo "1929"]
[Result "1-0"]
[Round "11"]
[TimeControl "180+2"]
[Date "2022.08.18"]
[WhiteClock "0:00:00"]
[BlackClock "0:00:00"]

1. d4 d5 2. Bf4 Nf6 3. e3 c5 4. Nf3 Nc6 5. Nbd2 cxd4 6. exd4 Qb6 7. Nb3 Bg4 8. h3 Bh5 9. a4 a5 10. Be2 e6 11. O-O Be7 12. Qd3 O-O 13. Qb5 Qxb5 14. axb5 Nb4 15. c3 Nc2 16. Rac1 a4 17. Nbd2 Bg6 18. Ne5 Bf5 19. g4 Bg6 20. Nxg6 hxg6 21. Rxc2 1-0


[Site "https://www.chess.com"]

[Event "Titled Tuesday Blitz August 16 Early 2022"]
[White "Xu, Yi"]
[Black "Salem, A.R. Saleh"]
[WhiteFideId "8605564"]
[BlackFideId "9301348"]
[WhiteElo "2471"]
[BlackElo "2674"]
[Result "1-0"]
[Round "11"]
[TimeControl "180+1"]
[Date "2022.08.16"]
[WhiteClock "0:00:05"]
[BlackClock "0:00:02"]

1. e4 c6 2. d4 d5 3. e5 Bf5 4. h4 h5 5. Bd3 Bxd3 6. Qxd3 Qa5+ 7. Nd2 e6 8. Ne2 Ne7 9. c4 Nf5 10. b3 Be7 11. g3 dxc4 12. bxc4 Na6 13. O-O Rd8 14. Ne4 Qxe5 15. Bb2 Qa5 16. Qf3 Qb4 17. Qb3 b5 18. cxb5 Qxb5 19. Nf4 Nb4 20. a4 Qb6 21. Nxe6 Nd5 22. N6c5 Qxb3 23. Nxb3 Rb8 24. Ned2 O-O 25. Ba3 Bxa3 26. Rxa3 Nb4 27. Rc1 Rfe8 28. Kf1 g6 29. Raa1 Re6 30. Nf3 f6 31. Nc5 Re7 32. Re1 Rbe8 33. Rxe7 Rxe7 34. Rc1 Kf7 35. Rc4 a5 36. Rc1 Nd6 37. Re1 Nc4 38. Rxe7+ Kxe7 39. Ke2 Nb2 40. Nd2 f5 41. Ndb3 Nc4 42. Nb7 Nb2 43. N7c5 Nc4 44. Nb7 Nb6 45. N7c5 N4d5 46. Nxa5 Kd6 47. Nab7+ Kc7 48. Na5 Nc3+ 49. Kd3 Ncxa4 50. Nxa4 Nxa4 51. Nc4 Nb6 52. Ne5 Nd5 53. Nxg6 Kd6 54. Ne5 Nf6 55. Ng6 Ne4 56. Ke3 Nf6 57. Kf4 Kd5 58. Ne7+ Kxd4 59. Nxc6+ Kd3 60. Kxf5 Ne4 61. Ne5+ Kd4 62. Nf3+ Kd5 63. Kg6 Nxf2 64. Kxh5 Ne4 65. Kg4 Nf2+ 66. Kf5 Ne4 67. g4 Ng3+ 68. Kf4 Ne2+ 69. Ke3 Ng3 70. Nd4 Ke5 71. Nc6+ Kf6 72. Kf4 Ne2+ 73. Kf3 Ng1+ 74. Ke3 Ke6 75. Nd4+ Kf6 76. Nf3 Nh3 77. Nd4 Ke5 78. Ne2 Kf6 79. Kf3 Ke5 80. Kg3 1-0


[Site "https://www.chess.com"]